 Dungeon Crawl Stone Soup version 0.23.2-30-g0e89c35649 (webtiles) character file.

Game seed: 12477114129404660492

112 doot the Gusty (level 4, -2/24 HPs)
             Began as a Tengu Air Elementalist on June 24, 2019.
             Slain by a hound (6 damage)
             ... on level 4 of the Dungeon.
             The game lasted 00:04:23 (1758 turns).

doot the Gusty (Tengu Air Elementalist)             Turns: 1758, Time: 00:04:24

Health: -2/24      AC:  2    Str:  8    XL:     4   Next: 93%
Magic:  0/8        EV: 13    Int: 17    God:
Gold:   111        SH:  0    Dex: 14    Spells: 2/8 levels left

rFire    x . .     SeeInvis .   m - +1 dagger (elec)
rCold    + . .     Gourm    .   (no shield)
rNeg     . . .     Faith    .   a - +0 robe
rPois    .         Spirit   .   (helmet restricted)
rElec    .         Reflect  .   (no cloak)
rCorr    .         Harm     .   (no gloves)
MR       .....                  (boots unavailable)
Stlth    +++.......             (no amulet)
HPRegen  0.08/turn              e - ring of stealth
MPRegen  0.11/turn              g - ring of ice

@: no status effects
A: beak, talons 3
a: no special abilities


You were on level 4 of the Dungeon.
You were not hungry.

You visited 1 branch of the dungeon, and saw 4 of its levels.

You collected 111 gold pieces.

Inventory:

Hand Weapons
 h - a +0 dagger
 m - a +1 dagger of electrocution (weapon)
Armour
 a - a +0 robe (worn)
Jewellery
 e - a ring of stealth (left hand)
 g - a ring of ice (right hand)
 p - an uncursed ring of ice
Scrolls
 d - 4 scrolls of identify {unknown}
 j - 2 scrolls of blinking {unknown}
 n - 2 scrolls of remove curse {unknown}
Potions
 b - a potion of degeneration {unknown}
 f - 2 potions of lignification {unknown}
 i - a potion of berserk rage {unknown}
 k - a potion of flight {unknown}
 l - a potion of brilliance {unknown}
 o - a potion of ambrosia {unknown}
 q - a potion of haste {unknown}
 s - a potion of heal wounds {unknown}
Comestibles
 c - 5 rations
 r - a chunk of flesh


   Skills:
 + Level 2.3 Dodging
 + Level 2.3 Stealth
 + Level 2.6 Spellcasting
 + Level 2.3 Conjurations
 + Level 6.1 Air Magic


You had 2 spell levels left.
You knew the following spells:

 Your Spells              Type           Power        Failure   Level  Hunger
a - Shock                 Conj/Air       ###.         3%          1    #......
b - Swiftness             Chrm/Air       ##......     8%          2    ##.....
c - Static Discharge      Conj/Air       ###.....     10%         3    ###....

Your spell library contained the following spells:

 Spells                   Type           Power        Failure   Level  Hunger
 Airstrike                Air            ###.......   14%         4    #####..
 Lightning Bolt           Conj/Air       ###.......   65%         5    ######.


Dungeon Overview and Level Annotations

Branches:
Dungeon (4/15)
 Temple: D:4-7

Altars:
Okawaru

Annotations:
D:3 Grinder


Innate Abilities, Weirdness & Mutations

You have a beak for a mouth.
You have claws for feet.


Message History

Confirm with . or Enter, or press ? or * to list all spells.
Aiming: Shock (safe; 3% risk of failure)
Press: ? - help, Shift-Dir - straight line That beam is likely to hit you.
Continue anyway?
The zap misses the hound. x2; The zap misses you.
The hound bites you but does no damage.
Unknown command.
Casting: Shock (safe; 3% risk of failure)
Confirm with . or Enter, or press ? or * to list all spells.
Aiming: Shock (safe; 3% risk of failure)
Press: ? - help, Shift-Dir - straight line That beam is likely to hit you.
Continue anyway?
The zap misses the hound.
The zap hits the hound!
The hound is almost dead.
The zap hits you!
* * * LOW HITPOINT WARNING * * *
The hound bites you.
* * * LOW HITPOINT WARNING * * *
The hound bites you.
You die...

## #.
#.#########
######..h.......
.......%@#
########.# #.#
#.# ... ... ..##
#..#


You could see a hound.

Vanquished Creatures
  Jessica (D:3)
  Robin (D:2)
  4 adders
  A dart slug (D:3)
  A leopard gecko (D:3)
  A giant cockroach (D:1)
  12 goblins
  2 hobgoblins (D:2)
  3 bats
  A frilled lizard (D:1)
  4 kobolds
  8 rats
39 creatures vanquished.

Notes
Turn   | Place    | Note
-------+----------+-------------------------------------------
     0 | D:1      | doot the Tengu Air Elementalist began the quest for the
                  | Orb.
     0 | D:1      | Reached XP level 1. HP: 10/10 MP: 4/4
   315 | D:1      | Reached XP level 2. HP: 15/15 MP: 1/6
   694 | D:1      | Learned a level 2 spell: Swiftness
   894 | D:3      | Noticed Grinder
   895 | D:3      | Paralysed by Grinder for 2 turns
   967 | D:2      | Noticed Robin
  1006 | D:2      | Reached skill level 5 in Air Magic
  1006 | D:2      | Reached XP level 3. HP: 19/19 MP: 3/7
  1017 | D:2      | Killed Robin
  1334 | D:2      | Reached XP level 4. HP: 24/24 MP: 2/8
  1339 | D:2      | Learned a level 3 spell: Static Discharge
  1478 | D:3      | Noticed Jessica
  1487 | D:3      | Killed Jessica
  1487 | D:3      | Reached skill level 6 in Air Magic
  1699 | D:3      | Found an iron altar of Okawaru.
  1758 | D:4      | Slain by a hound

Skill      XL: |  1  2  3  4 |
---------------+-------------+-----
Air Magic      | 5 6 |  6.1
Conjurations   | 2 |  2.3
Dodging        | |  2.3
Stealth        | |  2.3
Spellcasting   | |  2.6

Action                   |  1- 3 |  4- 6 || total
-------------------------+-------+-------++-------
Melee: Dagger            |     1 |     3 ||     4
       Peck              |     1 |       ||     1
 Cast: Shock             |    51 |    20 ||    71
       Static Discharge  |       |     6 ||     6
 Stab: Sleeping          |       |     2 ||     2
  Eat: Chunk             |     2 |     2 ||     4
Armor: Robe              |     2 |     3 ||     5
Dodge: Dodged            |     8 |     7 ||    15
